 Dungeon Crawl Stone Soup version 0.27-a0-1105-g946c659c87 (webtiles) character file.

Game seed: 2458805617050502568

598 DogServant the Changer (level 7, -9/50 (52) HPs)
             Began as a Grey Draconian Transmuter on Apr 29, 2021.
             Mangled by a wight
             ... wielding a +0 great sword
              (20 damage)
             ... on level 7 of the Dungeon.
             The game lasted 00:06:46 (6062 turns).

DogServant the Changer (Grey Draconian Transmuter)  Turns: 6062, Time: 00:06:46

HP:   -9/50 (52)    AC: 17    Str: 13    XL:     7   Next: 17%
MP:   8/10          EV: 13    Int: 19    God:
Gold: 254           SH:  0    Dex: 13    Spells: 4/10 levels left

rFire    . . .     SeeInvis .     - Unarmed
rCold    . . .     Faith    .   (no shield)
rNeg     . . .     Spirit   .   (armour unavailable)
rPois    .         Reflect  .   (helmet currently unavailable)
rElec    .         Harm     .   (no cloak)
rCorr    .         Rampage  .   a - +1 pair of gloves
Will     .....                  (boots currently unavailable)
Stlth    +.........             (no amulet)
HPRegen  0.16/turn              e - +6 ring of intelligence
MPRegen  0.12/turn              g - +4 ring of protection

@: appendages, wereblooded (expiring), lightly drained
A: horns 2, talons 2, AC +11, unfitting armour, unbreathing 2, cold-blooded
a: End Transformation


You were on level 7 of the Dungeon.
You had temporarily grown beastly horns and talons.
You visited 1 branch of the dungeon, and saw 7 of its levels.

You collected 303 gold pieces.
You spent 49 gold pieces at shops.

Inventory:

Armour
 a - a +1 pair of gloves (worn)
 q - a +0 pair of boots (melded)
 r - a +0 buckler
Jewellery
 e - a +6 ring of intelligence (left hand)
 g - a +4 ring of protection (right hand)
 n - a +6 ring of intelligence
 o - a ring of flight
Wands
 j - a wand of flame (30)
Scrolls
 b - 7 scrolls of identify {unknown}
 c - 2 scrolls of torment {unknown}
 d - a scroll of silence {unknown}
 l - a scroll of enchant weapon {unknown}
Potions
 f - a potion of might
 h - 2 potions of curing {unknown}
 i - a potion of brilliance {unknown}
 k - 2 potions of degeneration {unknown}
 m - a potion of resistance {unknown}
 p - a potion of heal wounds {unknown}


   Skills:
 - Level 1.1 Fighting
 - Level 5.0 Dodging
 + Level 4.3 Unarmed Combat
 - Level 2.2 Spellcasting
 - Level 5.0 Transmutations


You had 4 spell levels left.
You knew the following spells:

 Your Spells              Type           Power      Damage    Failure   Level
a - Beastly Appendage     Tmut           42%        N/A       2%          1
b - Wereblood             Tmut           21%        N/A       3%          2
c - Spider Form           Tmut/Pois      5%         N/A       19%         3

Your spell library contained the following spells:

 Spells                   Type           Power      Damage    Failure   Level
 Ice Form                 Ice/Tmut       11%        N/A       52%         4
 Hydra Form               Tmut           10%        N/A       52%         5


Dungeon Overview and Level Annotations

Branches:
Dungeon (7/15)
 Temple: D:4-7

Altars:

Shops:
D:3 *   D:5 [


Innate Abilities, Weirdness & Mutations

You have temporarily grown beastly horns and talons.
Your dull iron-grey scales are very hard. (AC +11)
You cannot fit into any form of body armour.
You can survive without breathing, even under water.
You are cold-blooded and may be slowed by cold attacks.


Message History

The wight is lightly damaged.
Your transformation is almost over.
The wight closely misses you.
The wight hits you from afar with a +0 halberd!
You feel drained. The wight misses you.
You hit the wight but do no damage.
The wight is heavily damaged.
The wight hits you but does no damage. x3
You hit the wight but do no damage.
The wight is heavily damaged.
The wight hits you but does no damage.
The wight hits you from afar with a +0 halberd!
* * * LOW HITPOINT WARNING * * *
You feel drained.
* * * LOW HITPOINT WARNING * * *
The wight barely misses you.
Okay, then.
Okay, then.
Okay, then.
The wight hits you from afar with a +0 trident of protection.
* * * LOW HITPOINT WARNING * * *
Your horns disappear.
Your talons disappear.
Your +0 pair of boots unmelds from your body.
There is a stone staircase leading down here.
Your primal bloodlust is almost over.
The wight closely misses you.
You climb downwards.
There is a stone staircase leading up here.
Casting: Wereblood (safe; 3% risk of failure)
Confirm with . or Enter, or press ? or * to list all spells.
You grow a pair of large bovine horns.
Your feet morph into talons.
Your +0 pair of boots melds into your body.
The wight barely misses you.
You hit the wight. You claw the wight.
Your tail-slap misses the wight.
The wight is lightly damaged.
You closely miss the wight.
You tail-slap the wight, but do no damage.
The wight is lightly damaged.
The wight hits you with a +0 great sword!!
You die... # #.### #.z@# #####

You could see a wight.

Vanquished Creatures
  A scorpion (D:5)
  A howler monkey (D:5)
  2 hounds
  A jelly (D:5)
  3 orc priests (D:4)
  An iguana (D:5)
  5 orc wizards
  2 adders
  A shadow imp (D:3)
  A white imp (D:5)
  2 ufetubi (D:5)
  An adder zombie (D:5)
  2 worms
  5 dart slugs
  15 orcs
  4 bats
  10 endoplasms
  A giant cockroach (D:4)
  5 goblins (D:1)
  5 hobgoblins
  8 jackals
  2 quokkas (D:1)
  8 ball pythons
  4 frilled lizards
  7 kobolds
  8 rats
105 creatures vanquished.

Notes
Turn   | Place    | Note
-------+----------+-------------------------------------------
     0 | D:1      | DogServant the Draconian Transmuter began the quest for the
                  | Orb.
     0 | D:1      | Reached XP level 1. HP: 16/16 MP: 3/3
   156 | D:1      | Reached XP level 2. HP: 23/23 MP: 3/5
   212 | D:1      | Found a faded altar of an unknown god.
   443 | D:1      | Learned a level 2 spell: Wereblood
   448 | D:1      | Reached XP level 3. HP: 20/28 MP: 4/6
  1824 | D:2      | Reached XP level 4. HP: 35/35 MP: 7/7
  1839 | D:2      | Learned a level 3 spell: Spider Form
  2409 | D:3      | Found Xoklymotz's General Store.
  3236 | D:3      | Reached XP level 5. HP: 39/39 MP: 6/8
  4038 | D:4      | Reached XP level 6. HP: 42/47 MP: 7/9
  4810 | D:5      | Entered Level 5 of the Dungeon
  4902 | D:5      | Found Cirir's Armour Shoppe.
  5026 | D:5      | Your scales start taking on a dull iron-grey colour.
  5026 | D:5      | Reached XP level 7. HP: 14/52 MP: 6/10
  5026 | D:5      | Gained mutation: You can survive without breathing. [Grey
                  | Draconian growth]
  5026 | D:5      | Gained mutation: You can survive without breathing, even
                  | under water. [Grey Draconian growth]
  5027 | D:5      | Reached skill level 5 in Transmutations
  5270 | D:5      | Bought a +0 pair of boots for 49 gold pieces
  5881 | D:6      | Reached skill level 5 in Dodging
  6062 | D:7      | Mangled by a wight

Illustrated notes

Levels and vault maps discovered:
D:1:      nagdon_arrival_double_spiral, layout_basic,
          ebering_ecumenical_altar_abandoned, minmay_quantized
D:2:      layout_basic
D:3:      layout_loops_corners, serial_shops, shop
D:4:      layout_layer_cave
D:5:      layout_basic, serial_shops, nicolae_shop_waterfront,
          chequers_serial_rivers_marsh
D:6:      layout_gridville, kennysheep_mini, uniq_duvessa, uniq_blork_the_orc
D:7:      layout_basic, amcnicky_altar_gilded, minmay_temple_entry_glass

Skill      XL: |  1  2  3  4  5  6  7 |
---------------+----------------------+-----
Dodging        | 2 3 4 5 |  5.0
Unarmed Combat | 4 |  4.3
Transmutations | 3 4 5 |  5.0
Fighting       | |  1.1
Spellcasting   | |  2.2

Action                   |  1- 3 |  4- 6 |  7- 9 || total
-------------------------+-------+-------+-------++-------
Melee: Unarmed           |   108 |   139 |    41 ||   288
       Headbutt          |    14 |    17 |     6 ||    37
       Tailslap          |    10 |    10 |     7 ||    27
       Kick              |    20 |    31 |     9 ||    60
       Punch             |       |       |     1 ||     1
 Cast: Beastly Appendage |    27 |    23 |     6 ||    56
       Wereblood         |       |     3 |     2 ||     5
       Spider Form       |       |     2 |       ||     2
  Use: Potion            |       |     1 |       ||     1
 Stab: Sleeping          |     1 |     1 |       ||     2
Armor: Skin              |    29 |    54 |    20 ||   103
Dodge: Dodged            |    60 |    86 |    26 ||   172

Table legend: (Time is in decaauts)
 A = Elapsed time spent in this place.
 B = Non-inter-level travel time spent in this place.
 C = Inter-level travel time spent in this place.
 D = Time resting spent in this place.
 E = Time spent auto-exploring this place.
 F = Levels seen in this place.
 G = Mean time per level.
                   A        B        C        D        E       F      G
               +--------+--------+--------+--------+--------+-----+--------+
         Total |   6118 |   5817 |    301 |      0 |   5191 |   7 |  874.0 |
       Dungeon |   6118 |   5817 |    301 |      0 |   5191 |   7 |  874.0 |
               +--------+--------+--------+--------+--------+-----+--------+

Top non-repeatable levels by time:
     D:1: 1396 daAuts
     D:4: 1373 daAuts
     D:3: 1100 daAuts
     D:5: 1021 daAuts
     D:2: 1002 daAuts
     D:6: 221 daAuts
     D:7: 2 daAuts
